 Seeded DCSS version 0.31-a0-321-g19405a7a6a (webtiles) character file.

Game seed: 14215367866634240820 (custom seed)

2 innerfire43 the Changeling (level 1, 0/16 HPs)
             Began as a Demonspawn Shapeshifter on July 17, 2023.
             Slain by a jackal (2 damage)
             ... on level 1 of the Dungeon.
             The game lasted 00:00:16 (66 turns).

innerfire43 the Changeling (Demonspawn Shapeshifter)  Turns: 66, Time: 00:00:17

Health: 0/16       AC:  2    Str: 15    XL:     1   Next: 33%
Magic:  1/1        EV: 12    Int:  9    God:
Gold:   7          SH:  0    Dex: 13    Spells: 0/0 levels left

rFire   . .          .
                       - Unarmed
rCold   . . .        (no shield)
rNeg    . . .        a - +0 animal skin
rPois   .            (helmet currently unavailable)
rElec   .            (cloak currently unavailable)
rCorr   .            (gloves currently unavailable)
SInv    .            (boots currently unavailable)
Will    .....        (no amulet)
Stlth   +            (no ring)
HPRegen 0.22/turn    (no ring)
MPRegen 0.07/turn

%: no passive effects
@: beast-form
A: beast (slay +1)
a: Begin Untransformation


You were on level 1 of the Dungeon.
You were a hulking beast.
You visited 1 branch of the dungeon, and saw 1 of its levels.

You collected 7 gold pieces.

Inventory:

Armour
 a - a +0 animal skin (worn)
Talismans
 c - a beast talisman
Scrolls
 d - a scroll of enchant weapon {unknown}


   Skills:
 + Level 2.0 Fighting
 + Level 1.8 Dodging
 + Level 1.8 Unarmed Combat
 + Level 2.7 Shapeshifting


You couldn't memorise any spells.
You didn't know any spells.
Your spell library was empty.

Dungeon Overview and Level Annotations

Branches:
Dungeon (1/15)

Altars:


Message History

The rat barely misses you.
The ball python bites you but does no damage.
The ball python constricts you.
You hit the hobgoblin.
You kill the hobgoblin!
The rat bites you but does no damage. The ball python closely misses you.
The ball python constricts you.
You escape the ball python's grasp.
The ball python attacks as you move away!
The ball python completely misses you. The ball python closely misses you.
The rat bites you.
You hit the ball python.
The ball python is severely wounded.
The rat bites you.
* * * LOW HITPOINT WARNING * * *
The ball python bites you but does no damage.
The ball python grabs you. The ball python constricts you.
* * * LOW HITPOINT WARNING * * *
You hit the ball python.
You kill the ball python!
The rat barely misses you.
The frilled lizard unfolds its giant frill.
The jackal misses you.
You miss the jackal. The rat barely misses you. The jackal misses you.
You hit the jackal but do no damage. The jackal barely misses you.
The jackal closely misses you. The rat completely misses you.
You closely miss the jackal. The jackal barely misses you. x2
The rat bites you.
* * * LOW HITPOINT WARNING * * *
The jackal closely misses you. The rat attacks as you move away!
The rat misses you. The jackal attacks as you move away!
The jackal bites you but does no damage.
The jackal barely misses you.
You miss the jackal. The jackal barely misses you.
You closely miss the jackal. The jackal closely misses you.
The jackal bites you.
* * * LOW HITPOINT WARNING * * *
You closely miss the jackal. The jackal bites you.
You die...

#.##............ . #
#....~~~~≈~≈~~~~ .. #.
#....≈≈≈~≈≈≈≈≈≈≈ [. #.
#...(~~≈≈≈≈≈≈≈≈≈
###.#.###....~≈≈#+#'#≈≈≈
......lg.....~≈≈+(..##'#
....h.rhr....≈≈≈+...#...
P...h.#h##...~≈≈#'#'#.##
P.... #h##....~≈≈≈#...#.
..P...h.##..⌠..~≈~'.⌠.'.
♣..##...##..⌠..≈~≈'.⌠.'.
♣. .....##....~≈≈≈#...#.
. ###...##...~~≈#+###.##
#........≈≈≈+ +...
....#....~≈≈+ ##+#
.#........~~≈#
..#...~≈~≈


You could see a quokka, 3 jackals, a goblin, a frilled lizard and a rat.

Vanquished Creatures
  A ball python (D:1)
  A hobgoblin (D:1)
2 creatures vanquished.

Notes
Turn   | Place    | Note
-------+----------+-------------------------------------------
     0 | D:1      | innerfire43 the Demonspawn Shapeshifter began the quest for
                  | the Orb.
     0 | D:1      | Reached XP level 1. HP: 16/16 MP: 1/1
    66 | D:1      | Slain by a jackal

Illustrated notes

Levels and vault maps discovered:
D:1:      dpeg_arrival_castle, layout_basic, serial_forest,
          infiniplex_forest_straight_2, infiniplex_forest_straight_3,
          infiniplex_forest_clump_double, infiniplex_forest_lined_1,
          infiniplex_forest_clump_small, infiniplex_forest_straight_2,
          infiniplex_forest_lined_3_way

Action                     || total
---------------------------++-------
  Melee: Unarmed           ||    23
    Use: Potion            ||     1
 Armour: Skin              ||    31
         Animal skin       ||     5
  Dodge: Dodged            ||    18

Table legend: (Time is in decaauts)
 A = Elapsed time spent in this place.
 B = Non-inter-level travel time spent in this place.
 C = Inter-level travel time spent in this place.
 D = Time resting spent in this place.
 E = Time spent auto-exploring this place.
 F = Levels seen in this place.
 G = Mean time per level.
                   A        B        C        D        E       F      G
               +--------+--------+--------+--------+--------+-----+--------+
         Total |     67 |     67 |      0 |      0 |     36 |   1 |   67.0 |
       Dungeon |     67 |     67 |      0 |      0 |     36 |   1 |   67.0 |
               +--------+--------+--------+--------+--------+-----+--------+

Top non-repeatable levels by time:
     D:1: 67 daAuts
